 Dungeon Crawl Stone Soup version 0.29.1-2-gbd0b4ee654 (webtiles) character file.

Game seed: 8160317779404224697

497 safid the Shooter (level 6, -3/58 HPs)
             Began as a Minotaur Hunter on Nov 9, 2022.
             Killed from afar by an orc wizard (4 damage)
             ... with a puff of flame
             ... on level 3 of the Dungeon.
             The game lasted 00:05:56 (4197 turns).

safid the Shooter (Minotaur Hunter)                 Turns: 4197, Time: 00:05:57

Health: -3/58      AC:  3    Str: 15    XL:     6   Next: 93%
Magic:  5/5        EV: 12    Int:  6    God:
Gold:   174        SH:  0    Dex: 16    Spells: 5/5 levels left

rFire   + . .      SeeInvis +   a - +0 shortbow
rCold   . . .      Faith    .   (shield currently unavailable)
rNeg    . . .      Spirit   .   c - +0 leather armour
rPois   .          Reflect  .   (helmet restricted)
rElec   .          Harm     .   (no cloak)
rCorr   .          Rampage  .   (no gloves)
Will    .....                   (no boots)
Stlth   +.........              (no amulet)
HPRegen 0.19/turn               f - ring of see invisible
MPRegen 0.09/turn               h - ring of protection from fire

@: brilliant
A: horns 2, retaliatory headbutt
a: no special abilities


You were on level 3 of the Dungeon.
You visited 1 branch of the dungeon, and saw 4 of its levels.

You collected 174 gold pieces.

Inventory:

Hand Weapons
 a - a +0 shortbow (weapon)
Armour
 c - a +0 leather armour (worn)
 t - a +0 pair of boots
Jewellery
 f - a ring of see invisible (left hand)
 h - a ring of protection from fire (right hand)
 p - a ring of positive energy
Scrolls
 b - 3 scrolls of immolation
 d - 7 scrolls of identify {unknown}
 e - 2 scrolls of butterflies {unknown}
 g - a scroll of blinking {unknown}
 i - a scroll of brand weapon {unknown}
 l - a scroll of vulnerability {unknown}
 m - 4 scrolls of teleportation {unknown}
 q - a scroll of noise {unknown}
Potions
 j - a potion of heal wounds {unknown}
 k - 2 potions of mutation {unknown}
 n - a potion of ambrosia {unknown}
 r - a potion of brilliance
 s - a potion of magic {unknown}


   Skills:
 + Level 6.6 Fighting
 + Level 7.2 Ranged Weapons
 - Level 2.1 Dodging
 - Level 0.7 Stealth


You had 5 spell levels left.
You didn't know any spells.
Your spell library contained the following spells:

 Spells                   Type           Power      Damage    Failure   Level
 Magic Dart               Conj           0%         1d3       52%         1
 Ensorcelled Hibernation  Hex/Ice        0%         N/A       67%         2
 Searing Ray              Conj           0%         2d4       67%         2
 Spider Form              Tmut/Pois      0%         N/A       88%         3
 Anguish                  Hex/Necr       0%         N/A       99%         4
 Fulminant Prism          Conj/Hex       0%         3d6       99%         4
 Iskenderun's Mystic Bla  Conj/Tloc      0%         2d3       99%         4
 Lee's Rapid Deconstruct  Erth           0%         3d5*      100%        5


Dungeon Overview and Level Annotations

Branches:
Dungeon (4/15)
 Temple: D:4-7

Altars:
Fedhas
Wu Jian
Xom

Shops:
D:3 :


Innate Abilities, Weirdness & Mutations

You have a pair of horns on your head.
You reflexively headbutt those who attack you in melee.


Message History

* * * LOW HITPOINT WARNING * * *
The orc priest hits you with a +0 whip.
* * * LOW HITPOINT WARNING * * *
The orc barely misses you.
Fire: a) +0 shortbow
Press: ? - help, Q - select action Shift-Dir - straight line, f/p - orc priest
Aim: an orc priest, wielding a +0 whip and wearing a +0 scale mail (almost dead, 69% to hit)
You shoot an arrow. The arrow hits the orc priest.
The orc priest is almost dead.
The orc wizard closely misses you. The orc priest hits you with a +0 whip.
* * * LOW HITPOINT WARNING * * *
The orc hits you but does no damage. The orc wizard completely misses you.
The orc priest barely misses you. The orc closely misses you.
It was a potion of brilliance.
You feel clever all of a sudden.
The orc wizard hits you but does no damage.
The orc priest closely misses you. The orc barely misses you.
You furiously retaliate!
You headbutt the orc.
It was a potion of curing.
You feel better. The orc wizard misses you.
The orc priest hits you with a +0 whip.
* * * LOW HITPOINT WARNING * * *
The orc closely misses you. You furiously retaliate!
You headbutt the orc.
Fire: a) +0 shortbow
Press: ? - help, Q - select action Shift-Dir - straight line, f/p - orc priest
Aim: an orc priest, wielding a +0 whip and wearing a +0 scale mail (almost dead, 69% to hit)
You shoot an arrow.
The arrow hits the orc priest but does no damage.
The orc priest is almost dead.
The orc wizard misses you. The orc priest hits you with a +0 whip.
* * * LOW HITPOINT WARNING * * *
The orc completely misses you.
Unknown command.
Fire: a) +0 shortbow
Press: ? - help, Q - select action Shift-Dir - straight line, f/p - orc priest
Aim: an orc priest, wielding a +0 whip and wearing a +0 scale mail (almost dead, 69% to hit)
You shoot an arrow.
The arrow completely misses the orc priest.
The orc wizard points at you and mumbles some strange words.
The puff of flame hits you. You resist.
You die...

#.......#.......# #....
####.#..#.......# ###.#
#.##.#.......#######.#
#.##.######........#.#
#.....)...#.######.รท)#
###.#####....#####.#.#
#.#####.....#.......
#....#..............
#..@o........)..(...
#..oo.......).......
#####
#...................
##...##
#...................
##.....##
#...................
#.......#
#...................
#.......#
######..............
#.......#
#..............
##.....###
##...##..#.#...


You could see an orc priest, an orc wizard (invisible) and an orc.

Vanquished Creatures
  A phantom (D:4)
  2 scorpions (D:4)
  2 howler monkeys (D:4)
  2 iguanas (D:4)
  7 adders
  A worm (D:3)
  2 dart slugs
  10 orcs
  8 ball pythons
  3 endoplasms
  7 giant cockroaches
  9 hobgoblins
  4 jackals (D:1)
  4 quokkas
  12 bats
  3 frilled lizards
  13 goblins
  4 kobolds
  5 rats
99 creatures vanquished.

Notes
Turn   | Place    | Note
-------+----------+-------------------------------------------
     0 | D:1      | safid the Minotaur Hunter began the quest for the Orb.
     0 | D:1      | Reached XP level 1. HP: 18/18 MP: 0/0
   308 | D:1      | Reached XP level 2. HP: 25/25 MP: 1/1
   638 | D:1      | Found a faded altar of an unknown god.
   695 | D:1      | Reached skill level 5 in Ranged Weapons
   695 | D:1      | Reached XP level 3. HP: 31/31 MP: 2/2
  1961 | D:2      | Reached XP level 4. HP: 40/40 MP: 3/3
  2256 | D:3      | Found a shimmering altar of Xom.
  2256 | D:3      | Found a blossoming altar of Fedhas.
  2524 | D:3      | Found Mahot's Book Boutique.
  2641 | D:4      | Found an ornate altar of the Wu Jian Council.
  2650 | D:4      | Reached XP level 5. HP: 47/47 MP: 4/4
  2765 | D:4      | Reached skill level 5 in Fighting
  2765 | D:4      | Reached skill level 6 in Ranged Weapons
  2868 | D:4      | Noticed a phantom
  2881 | D:4      | Killed a phantom
  2882 | D:4      | Reached XP level 6. HP: 40/57 MP: 5/5
  3283 | D:4      | HP: 1/57 [iguana (13)]
  3285 | D:4      | Reached skill level 7 in Ranged Weapons
  4193 | D:3      | HP: 1/58 [orc priest/+0 whip (6)]
  4197 | D:3      | Killed from afar by an orc wizard

Illustrated notes

Levels and vault maps discovered:
D:1:      saegor_arrival_simple_d, layout_basic,
          shapermc_ecumenical_altar_hornbeckon
D:2:      layout_loops_ring
D:3:      layout_rooms, gammafunk_temple_overflow_statue, serial_shops, shop
D:4:      layout_gridville, mainiacjoe_overflow_cross_hatched

Skill      XL: |  1  2  3  4  5  6 |
---------------+-------------------+-----
Fighting       | 3 4 5 6 |  6.6
Ranged Weapons | 5 6 7 |  7.2
Dodging        | |  2.1
Stealth        | |  0.7

Action                   |  1- 3 |  4- 6 || total
-------------------------+-------+-------++-------
 Fire: Shortbow          |   133 |   189 ||   322
  Use: Potion            |       |     2 ||     2
Armor: Leather armour    |    25 |    18 ||    43
Dodge: Dodged            |    45 |    62 ||   107
